 Dungeon Crawl Stone Soup version 0.23.2-33-g5129a83184 (webtiles) character file.

Game seed: 13344536376535269015

95 shadizar the Shield-Bearer (level 4, 0/29 HPs)
             Began as a Gargoyle Fighter on June 30, 2019.
             Slain by Natasha (3 damage)
             ... on level 3 of the Dungeon.
             The game lasted 00:02:00 (1930 turns).

shadizar the Shield-Bearer (Gargoyle Fighter)       Turns: 1930, Time: 00:02:01

Health: 0/29       AC: 10    Str: 21    XL:     4   Next: 66%
Magic:  4/4        EV:  8    Int:  8    God:
Gold:   161        SH:  9    Dex:  9    Spells: 3/3 levels left

rFire    . . .     SeeInvis .   a - +0 flail
rCold    . . .     Gourm    .   c - +0 shield
rNeg     + . .     Faith    .   b - +0 scale mail
rPois    ∞         Spirit   .   (no helmet)
rElec    +         Reflect  .   (no cloak)
rCorr    .         Harm     .   (no gloves)
MR       .....                  (no boots)
Stlth    ..........             (no amulet)
HPRegen  0.09/turn              (no ring)
MPRegen  0.09/turn              (no ring)

@: slowed, very slow
A: negative energy resistance 1, electricity resistance, unbreathing,
petrification resistance, rot immunity, AC +3
a: no special abilities


You were on level 3 of the Dungeon.
You were not hungry.

You visited 1 branch of the dungeon, and saw 3 of its levels.

You collected 161 gold pieces.

Inventory:

Hand Weapons
 a - a +0 flail (weapon)
 n - a +2 hunting sling of freezing
Missiles
 o - 28 stones (quivered)
Armour
 b - a +0 scale mail (worn)
 c - a +0 shield (worn)
 d - a +0 helmet
 k - a +0 chain mail
 y - a +0 cloak
Jewellery
 m - an uncursed ring of protection from fire {unknown}
 q - an uncursed ring of magical power {unknown}
Scrolls
 g - 2 scrolls of random uselessness {unknown}
 h - a scroll of immolation {unknown}
 j - 2 scrolls of noise {unknown}
 l - a scroll of enchant weapon {unknown}
 p - a scroll of remove curse {unknown}
 r - a scroll of fear {unknown}
 s - a scroll of magic mapping {unknown}
 u - a scroll of fog {unknown}
 w - a scroll of teleportation {unknown}
 x - 2 scrolls of identify {unknown}
Potions
 e - 2 potions of agility
 i - a potion of brilliance {unknown}
 t - 2 potions of heal wounds {unknown}
 v - a potion of invisibility {unknown}
 A - 2 potions of curing {unknown}
Comestibles
 f - 5 rations


   Skills:
 + Level 3.7 Fighting
 + Level 3.2 Maces & Flails
 + Level 3.7 Armour
 + Level 1.0 Dodging
 + Level 4.0 Shields


You had 3 spell levels left.
You didn't know any spells.
Your spell library was empty.

Dungeon Overview and Level Annotations

Branches:
Dungeon (3/15)

Altars:
The Shining One

Annotations:
D:3 Natasha


Innate Abilities, Weirdness & Mutations

You are resistant to torment.
Your stone body is resilient. (AC +3)
You are immune to poison.
You resist negative energy. (rN+)
You are resistant to electric shocks. (rElec)
You can survive without breathing.
You are immune to petrification.
You are immune to rotting.


Message History

Natasha is severely wounded.
You block Natasha's attack.
The crimson imp hits you but does no damage.
You block Natasha's attack. You block the crimson imp's attack.
You miss Natasha.
Natasha is severely wounded.
Natasha casts a spell at you.
You feel as though you will be slow longer.
The crimson imp hits you but does no damage.
Natasha casts a spell at you. The magic dart hits you!
The crimson imp hits you.
* * * LOW HITPOINT WARNING * * *
You miss Natasha.
Natasha is severely wounded.
The crimson imp disappears in a puff of smoke!
Natasha claws you.
* * * LOW HITPOINT WARNING * * *
The crimson imp hits you but does no damage.
Natasha claws you.
You die...

.#......##
.####.#....
.#......# #.#....
.#......# # #....
.#......# #.#####
.#......# #.#
........##########
#. #.#####
........##.......#
#. #.#....
######.###.#####5#
#.##.#.### #.# #.#
#@# #..#.#.# #.#
#.### #h#
#.###.#.#.# ######.#
#.#.. .5#
#.........# .......#
#.#.##### #####..###
###.#### #.#.#
########..# #.#
#.#.# #........>#
########.#.#
#.#########
........#.######...#
########.......'..)#


You could see Natasha, a crimson imp and a white imp.

Vanquished Creatures
  Robin (D:2)
  2 adders (D:3)
  2 oozes (D:2)
  A dart slug (D:2)
  2 giant cockroaches
  19 goblins
  4 hobgoblins
  2 jackals (D:2)
  2 quokkas
  8 bats (D:1)
  2 frilled lizards
  3 kobolds
  3 rats
51 creatures vanquished.

Notes
Turn   | Place    | Note
-------+----------+-------------------------------------------
     0 | D:1      | shadizar the Gargoyle Fighter began the quest for the Orb.
     0 | D:1      | Reached XP level 1. HP: 14/14 MP: 1/1
   188 | D:1      | Reached XP level 2. HP: 12/19 MP: 2/2
   197 | D:1      | Found a glowing golden altar of the Shining One.
   693 | D:2      | Noticed Robin
   695 | D:2      | Reached XP level 3. HP: 23/23 MP: 3/3
   763 | D:2      | Killed Robin
   763 | D:2      | Reached skill level 4 in Shields
  1046 | D:2      | Reached XP level 4. HP: 29/29 MP: 4/4
  1206 | D:2      | Reached skill level 1 in Dodging
  1912 | D:3      | Noticed Natasha
  1930 | D:3      | Slain by Natasha

Skill      XL: |  1  2  3  4 |
---------------+-------------+-----
Shields        | 4 |  4.0
Dodging        | 1 |  1.0
Maces & Flails | 3 |  3.2
Fighting       | |  3.7
Armour         | |  3.7

Action                   |  1- 3 |  4- 6 || total
-------------------------+-------+-------++-------
Melee: Flail             |   151 |    57 ||   208
  Use: Potion            |     1 |       ||     1
  Eat: Chunk             |     1 |     3 ||     4
Armor: Scale mail        |   138 |    29 ||   167
Dodge: Dodged            |    74 |    17 ||    91
Block: Shield            |   113 |    28 ||   141
